Cogmind - Beta 15 @@@ ROGUE MODE // 2025.08.29 @ 12:34:38 Player: seita Result: Destroyed by Hellfire Trap Performance ------------- Evolutions (8) 4000 Regions Visited (14) 2800 Robots Destroyed (216) 1080 Value Destroyed (10195) 10195 Prototype IDs (92) 1840 Alien Tech Used (0) 0 Bonus (7202) 7202 TOTAL SCORE: 27117 Bonus ------- High Alert Combat Kills 843 Follower Combat Kills 1504 Registered with UFD 300 Met Optimus in HQ 500 Met Warlord at Base 500 MAIN.C Attacked Warlord 500 Warlord Defense Kills 1950 Acquired SGEMP 2000 Friendly Fire -895 Cogmind --------- Core Integrity 0/1450 Matter 82/300 Energy 99/100 System Corruption 19% Temperature Cool (0) Movement Core (50) Location -2/Quarantine Parts ------- > --- POWER (2) -------- (None) > --- PROPULSION (6) --- (None) > --- UTILITY (11) ----- Advanced Coolant Injector Hacking Suite Hacking Suite Improved System Shield > --- WEAPON (4) ------- (None) > --- INVENTORY (5) ---- Advanced Drone Bay (2/2) High-powered Transdimensional Reconstructor Enhanced Nova Cannon Z-bomb Delivery System Peak State ------------ > --- POWER ------------ Quantum Reactor Light Quantum Reactor > --- PROPULSION ------- Improved Antigrav System Improved Antigrav System Improved Antigrav System Improved Antigrav System Improved Antigrav System Cooled Linear Gravjet > --- UTILITY ---------- Experimental Heat Sink Advanced Coolant Injector High-capacity Storage Unit Advanced Signal Interpreter Precision Energy Filter Quantum Capacitor Improved Phase Shifter Thermal Barrier System Mapper A0-MCA's Component Scanner > --- WEAPON ----------- Enhanced Quantum Rifle Enhanced Nova Cannon Advanced KE Penetrator Molecular Scythe > --- INVENTORY -------- Light Antimatter Reactor Centrium Wheel Improved Antigrav System Advanced Heat Sink Experimental Energy Well Experimental Matter Compressor Deep Structural Scanner Centrium Medium Armor Plating Centrium Medium Armor Plating Experimental Focal Shield Advanced Force Field Advanced Drone Bay Amulet of Y3-NDR Matter Neutralizer Z-bomb Delivery System Advanced Remote Datajack DRS Beacon SGEMP Prototype [Rating: 189] Favorites ----------- Power Improved Deuterium Engine Engine Improved Deuterium Engine Power Core Neutrino Core Reactor Vortex Chain Reactor Propulsion Heavy Treads Treads Heavy Treads Leg Armored Leg Wheel Wheel Hover Unit Improved Antigrav System Utility High-capacity Storage Unit Device Deep Structural Scanner Storage High-capacity Storage Unit Processor A0-MCA's Component Scanner Hackware System Mapper Protection Enhanced Scrap Shield Weapon Makeshift Sword Energy Gun Heavy Dispersion Rifle Energy Cannon Heavy Disruptor Cannon Ballistic Gun Railgun Ballistic Cannon Hardcell Cannon Launcher Vortex Catalyst Activator Special Weapon Improved Remote Datajack Slashing Weapon Makeshift Sword Piercing Weapon Plasma Lance Build | -11 -10 -10 -7 -7 -5 -4 -4 -4 -4 -3 -3 -3 -2 -2 ------- Run | Yrd Mat Sub Rec Scr Fac Fac Upp Upp War Pro Res Tes Res Qua Slots Evolved 16 | . . . . . 10 2 . . . . 2 . 2 . Power 1 | . . . . . 1 . . . . . . . . . Propulsion 4 | . . . . . 2 1 . . . . . . 1 . Utility 9 | . . . . . 5 1 . . . . 2 . 1 . Weapon 2 | . . . . . 2 . . . . . . . . . Parts Attached 218 | 7 16 7 4 14 33 9 17 5 7 1 8 57 32 1 Power 25 | 1 4 . 1 2 2 4 1 1 1 . . 5 3 . Engine 10 | 1 4 . 1 2 1 1 . . . . . . . . Core 5 | . . . . . 1 3 1 . . . . . . . Reactor 10 | . . . . . . . . 1 1 . . 5 3 . Propulsion 51 | 2 5 2 2 2 6 2 2 . 1 . . 20 7 . Treads 16 | . 4 . 1 1 2 1 2 . 1 . . 4 . . Leg 7 | 2 . . . . 4 . . . . . . . 1 . Wheel 18 | . 1 2 1 1 . 1 . . . . . 8 4 . Hover 10 | . . . . . . . . . . . . 8 2 . Flight . | . . . . . . . . . . . . . . . Utility 80 | 2 4 1 . 5 15 1 10 3 1 1 5 16 15 1 Device 44 | 1 2 1 . 2 10 1 7 2 1 1 2 6 8 . Storage 10 | 1 2 . . 1 2 . . . . . 1 3 . . Processor 8 | . . . . . 1 . 1 1 . . . 2 3 . Hackware 7 | . . . . . 1 . . . . . 2 1 2 1 Protection 11 | . . . . 2 1 . 2 . . . . 4 2 . Artifact . | . . . . . . . . . . . . . . . Weapon 62 | 2 3 4 1 5 10 2 4 1 4 . 3 16 7 . Energy Gun 26 | 1 . . . 1 6 . 1 . 3 . 1 10 3 . Energy Cannon 3 | . . . . . . 1 . . . . . . 2 . Ballistic Gun 19 | 1 3 1 1 3 3 . 1 1 . . . 3 2 . Ballistic Cannon 3 | . . . . . . 1 1 . . . 1 . . . Launcher 2 | . . . . . . . . . 1 . . 1 . . Special Weapon 3 | . . . . . 1 . 1 . . . . 1 . . Impact Weapon . | . . . . . . . . . . . . . . . Slashing Weapon 5 | . . 3 . 1 . . . . . . . 1 . . Piercing Weapon 1 | . . . . . . . . . . . 1 . . . Special Melee Weapon . | . . . . . . . . . . . . . . . Unidentified Prototypes 4 | . . 1 . . 2 . 1 . . . . . . . Corrupted Parts 1 | . . . . . . 1 . . . . . . . . System Corruption 2 | . . . . . . 2 . . . . . . . . Parts Lost 65 | . 1 2 . 1 4 . 2 . . . . 22 33 . Power 7 | . . 1 . . 1 . . . . . . 3 2 . Propulsion 25 | . . . . . 2 . 1 . . . . 10 12 . Utility 16 | . 1 1 . . . . 1 . . . . 4 9 . Weapon 17 | . . . . 1 1 . . . . . . 5 10 . Highest Loss Streak 15 | . 1 1 . 1 3 . 2 . . . . 7 15 . To Critical Strikes 6 | . . . . . . . . . . . . 5 1 . Average Backups 17 | 6 11 17 19 17 16 15 16 17 17 17 19 21 11 3 Power 1 | 1 1 2 3 1 2 2 1 1 1 1 2 1 . . Propulsion 2 | 3 4 4 4 1 . . 1 1 1 1 1 1 1 . Utility 8 | . 3 4 6 7 9 8 8 9 11 13 12 13 8 1 Weapon 3 | . 2 5 5 6 2 1 3 4 2 1 3 4 1 2 Tool/Special . | . . . . . . . . . . . . . . . Unused Backups 70 | . 7 9 6 8 7 1 4 4 2 . 6 10 4 2 Power 14 | . 2 2 3 2 . . . . . . 1 3 1 . Propulsion 10 | . 2 4 . 1 . 1 1 . . . . 1 . . Utility 20 | . 1 . 1 3 3 . 1 2 . . 2 3 3 1 Weapon 22 | . 2 3 2 2 1 . 2 2 2 . 3 2 . 1 Tool/Special 4 | . . . . . 3 . . . . . . 1 . . Average Slot Usage (%) 89 | . 99 100 98 94 96 97 79 78 76 78 79 89 77 14 Engine 6 | . 14 14 14 13 5 5 . . . . . . . . Core 1 | . . . . . 3 4 9 5 3 . . . . . Reactor 2 | . . . . . . . . 4 5 5 4 5 6 . Treads 12 | . 20 14 14 13 8 5 11 15 15 15 14 13 . . Leg 1 | . 3 . . . 8 15 2 . . . . . . . Wheel 5 | . 3 14 14 13 3 3 2 . . . . 2 1 . Hover 1 | . . . . . . . . . . . . 2 15 . Device 16 | . 13 14 14 12 20 26 21 16 17 21 20 16 17 4 Storage 8 | . 14 14 14 13 5 5 5 5 5 5 4 4 6 . Processor 4 | . . . . . 3 . 3 9 7 5 4 11 9 . Hackware 2 | . . . . . 3 . . . . . 6 8 3 10 Protection 2 | . . . . . 5 9 5 5 5 5 4 3 1 . Energy Gun 5 | . 14 1 . 4 5 4 . . 2 10 5 11 3 . Ballistic Gun 7 | . 14 14 12 . 12 7 3 8 8 10 8 3 3 . Slashing Weapon 6 | . . 12 14 20 2 4 . . . . . . 2 . Peak Build Rating 189 | 8 10 16 21 32 93 103 127 127 147 145 158 173 189 22 Average Rating 86 | 6 9 13 19 27 77 93 116 123 131 142 154 160 143 19 On Entrance 74 | . 8 9 15 19 30 79 103 121 123 144 142 147 165 18 Naked Turns 100 | . . . . 42 . . . . . . . . 58 . Heaviest Build 180 | 15 50 50 55 62 101 103 130 123 129 130 180 171 137 1 Greatest Support 168 | 20 40 20 10 22 69 54 168 168 168 167 167 167 90 3 Greatest Overweight (x) 15 | . 4 4 5 5 7 6 7 . . . 1 15 8 . Average Overweight (x) 2 | . 1 3 4 3 4 3 . . . . . 1 1 . Largest Inventory Capacity 25 | 8 20 20 20 20 20 20 20 20 20 20 25 25 20 5 Average Capacity 20 | 7 12 20 20 19 20 20 20 20 20 20 23 24 18 5 Most Carried 25 | 8 18 20 20 20 20 20 20 20 20 20 25 25 20 5 Average Carried 19 | 6 11 19 19 19 19 19 18 19 19 19 21 24 15 4 Final Capacity 25 | 8 20 20 20 20 20 20 20 20 20 20 25 20 5 5 Final Carried 25 | 8 18 20 20 20 20 20 19 20 20 20 25 20 4 5 Class Distribution -------------------- 29% | Scavenger-Tank 21% | Mutant 17% | Commander-Mutant 9% | Scavenger-Skirmisher 7% | Hacker-Tank 3% | Scavenger-Gunner 3% | Hacker-Gunner Dominant Class ---------------- Mutant | -10/Materials Mutant | -10/Subcaves Commander-Mutant | -7/Recycling Commander-Mutant | -7/Scraptown Scavenger-Tank | -5/Factory Scavenger-Tank | -4/Factory Scavenger-Tank | -4/Upper Caves Scavenger-Skirmisher | -4/Upper Caves Scavenger-Skirmisher | -4/Warlord Scavenger-Tank | -3/Proximity Caves Scavenger-Tank | -3/Research Hacker-Tank | -3/Testing Scavenger-Assassin | -2/Research Hacker-Mutant | -2/Quarantine Resources | -11 -10 -10 -7 -7 -5 -4 -4 -4 -4 -3 -3 -3 -2 -2 ----------- Run | Yrd Mat Sub Rec Scr Fac Fac Upp Upp War Pro Res Tes Res Qua Matter Collected 11301 | 324 497 136 30 591 1885 245 753 608 140 260 619 3314 1899 . Remotely . | . . . . . . . . . . . . . . . Salvage Created 10168 | 236 707 72 911 252 1949 94 361 138 391 159 437 2928 1533 . Parts 490 | 17 42 6 22 11 80 5 23 5 20 9 25 149 76 . Haulers Intercepted 5 | . 2 . . . 1 . . . . . . 2 . . Recyclers Shooed 11 | . 2 . 3 . 4 . . . . . . . 2 . Parts Field Recycled . | . . . . . . . . . . . . . . . Retrieved Matter . | . . . . . . . . . . . . . . . Parts Self-Destructed 38 | . . 13 . . . . 5 4 . 16 . . . . Prevented 46 | . . . . . . . 13 5 . 28 . . . . Kills | -11 -10 -10 -7 -7 -5 -4 -4 -4 -4 -3 -3 -3 -2 -2 ------- Run | Yrd Mat Sub Rec Scr Fac Fac Upp Upp War Pro Res Tes Res Qua Combat Hostiles Destroyed 147 | . 14 1 . 5 26 1 4 2 16 2 4 39 33 . Melee 1 | . . . . . . . . . . . . 1 . . Guns 90 | . 14 1 . 5 26 1 1 1 1 2 2 31 5 . Cannons 16 | . . . . . . . 2 1 . . . 4 9 . AOE 31 | . . . . . . . . . 15 . 2 . 14 . Classes Destroyed 24 | 2 6 2 . 2 3 . 3 1 2 . . 2 1 . Worker 17 | . 1 . . . 3 . . . . . 1 9 3 . Builder 11 | . 1 . . . . 1 . . . . 2 6 1 . Tunneler 9 | 7 . . . . . . . . . . . . 2 . Hauler 5 | . 2 . . . 1 . . . . . . 2 . . Recycler 20 | 1 2 . 9 . 3 . . . . . 1 2 2 . Minesweeper 1 | . . . . . . . 1 . . . . . . . Operator 2 | . 1 . . . . . . . . . . 1 . . Watcher 2 | . . . . . . . . . . . . 2 . . Swarmer 23 | . 8 . . . 6 . 1 . 3 . . . 5 . Saboteur 2 | . . . . . . . . . 2 . . . . . Grunt 39 | . 6 . . . 12 . 1 . 6 1 . 5 8 . Brawler 2 | . . . . . 1 . . . . . . . 1 . Protector 1 | . . . . . . . . . . . . . 1 . Sentry 9 | . . . . . 1 1 1 . . . 2 2 2 . Hunter 14 | . . . . . . . . 2 . 1 . 6 5 . Programmer 44 | . . . . . 6 . . . 3 . 2 22 11 . Behemoth 1 | . . . . . . . 1 . . . . . . . Striker 4 | . . . . . . . . . 2 . . 2 . . Alpha 7 2 | . . . . . . . . . . . . 2 . . Artisan 1 | . . 1 . . . . . . . . . . . . Subdweller 1 | . . 1 . . . . . . . . . . . . Federalist 2 | . . . . 2 . . . . . . . . . . Scrapper 3 | . . . . 3 . . . . . . . . . . Decomposer 3 | . . . . . . . 3 . . . . . . . Samaritan 1 | . . . . . . . 1 . . . . . . . Wizard 2 | . . . . . . . . . 2 . . . . . Best Kill Streak 15 | 2 4 1 2 4 8 1 3 2 12 1 3 5 15 . Combat Bots Only 13 | . 3 1 . 4 5 1 3 2 12 1 2 3 13 . Max Kills in Single Turn 5 | 1 1 1 1 2 1 1 1 1 5 1 3 2 4 . Gunslinging 1 | . . . . 1 . . . . . . . . . . Exploded 5 | . . . . . . . . . 5 . 1 . 3 . Melee 1 | . . . . . . . . . . . . 1 . . Uniques/NPCs Destroyed . | . . . . . . . . . . . . . . . Combat | -11 -10 -10 -7 -7 -5 -4 -4 -4 -4 -3 -3 -3 -2 -2 -------- Run | Yrd Mat Sub Rec Scr Fac Fac Upp Upp War Pro Res Tes Res Qua Hostile Shots Fired 1367 | . 66 5 . 36 200 6 63 31 15 9 34 489 409 4 Missed 419 | . 15 1 . 11 58 2 17 13 6 4 3 133 154 2 Hits 948 | . 51 4 . 25 142 4 46 18 9 5 31 356 255 2 Melee 7 | . . . . 2 3 . . . . . . 2 . . Projectile 941 | . 51 4 . 23 139 4 46 18 9 5 31 354 255 2 AOE 1 | . . . . . . . . . . . . 1 . . Critical Strikes 51 | . . . . 3 7 . 1 1 . . 2 28 9 . Part Disruptions 4 | . . . . . . . . . . . . 3 1 . Damage Taken 17227 | . 565 98 20 446 1939 73 925 192 343 42 463 6057 5934 130 Core 2489 | . 79 15 . 98 255 . 71 18 . . 51 445 1327 130 Absorbed by Shields 2194 | . . . . 30 515 17 183 71 . 37 480 395 466 . Redirected to Shielding 45 | . . . . . 45 . . . . . . . . . Ignored by Resistances 878 | . . . . . 462 11 19 . . 22 . 161 203 . Regen/Repaired (Parts) 218 | . . . . . 185 . . . 22 . . 11 . . Core Remaining (%) 70 | 100 . . . 23 74 . . . . 92 . 61 . . Volleys Fired 563 | 18 71 1 . 8 103 6 29 7 21 14 22 155 108 . Largest 4 | 2 2 2 . 2 4 4 3 3 2 2 4 4 3 . Hottest 357 | 70 70 40 . 84 167 165 251 200 80 70 160 357 308 . Shots Fired 1286 | 36 142 2 1 16 261 15 52 19 22 28 64 485 143 . Gun 1056 | 36 142 2 1 16 239 9 17 7 12 28 63 434 50 . Cannon 175 | . . . . . . 6 34 12 . . 1 42 80 . Launcher 28 | . . . . . . . . . 10 . . 5 13 . Special 27 | . . . . . 22 . 1 . . . . 4 . . Kinetic 574 | 18 71 2 1 13 173 12 26 14 2 28 43 143 28 . Thermal 495 | 18 71 . . . 15 . 3 . . . . 291 97 . Explosive 18 | . . . . . . . . . . . . 5 13 . Electromagnetic 120 | . . . . 3 51 3 22 5 . . 1 30 5 . Entropic 52 | . . . . . . . . . 20 . 20 12 . . Robot Hit Streak 18 | 13 16 3 . 9 18 13 8 14 5 5 9 15 13 . Robot Miss Streak 6 | 2 5 . 1 3 5 1 3 2 4 3 2 4 6 . Penetration Max 2 | . . . . . 2 . . . 1 . . 1 1 . Secondary Targets 19 | . . . . 2 10 . . . 1 1 1 4 . . Max Gunslinging Chain 1 | . . . . 1 1 . . . 1 1 1 1 . . Capacitor 67 | . . . . . . . . . . . . . 67 . Shots Hit Robots 865 | 23 90 5 26 16 175 9 40 13 9 15 47 308 89 . Core Hits 395 | 9 38 3 9 16 89 4 13 6 24 8 16 109 51 . Critical Kills 18 | . . . . . 1 . . . . 2 . 12 3 . Critical Parts Destroyed 36 | . . . . . 1 . . . 1 2 4 26 2 . Critical Strikes 95 | 3 3 . . . 5 1 1 2 1 4 6 62 7 . Burn 19 | 3 3 . . . 1 . . . . . . 10 2 . Meltdown 3 | . . . . . . . . . . . . . 3 . Destroy 54 | . . . . . 2 . . . . 4 4 42 2 . Blast 8 | . . . . . . 1 . 2 . . . 5 . . Corrupt 3 | . . . . . 2 . 1 . . . . . . . Impale 3 | . . . . . . . . . . . . 3 . . Detonate 5 | . . . . . . . . . 1 . 2 2 . . Melee Attacks 148 | . . 44 26 1 10 12 . . . . 11 38 6 . Impact . | . . . . . . . . . . . . . . . Slashing 109 | . . 44 26 1 10 12 . . . . . 10 6 . Piercing 39 | . . . . . . . . . . . 11 28 . . Sneak Attacks 29 | . . 3 9 . 2 1 . . . . 2 9 3 . Combat Hostiles 1 | . . . . . . . . . . . . 1 . . Follow-up Attacks . | . . . . . . . . . . . . . . . Damage Inflicted 34348 | 286 1077 88 1700 297 4222 277 1252 358 4743 304 1556 10219 7969 . Guns 15997 | 286 1054 16 . 297 3789 125 353 98 238 304 1098 7322 1017 . Cannons 3981 | . . . . . . 76 836 260 . . . 777 2032 . Explosions 10800 | . . . . . 275 . . . 4505 . 303 1143 4574 . Melee 3447 | . . 72 1700 . 140 76 . . . . 155 968 336 . Ramming 123 | . 23 . . . 18 . 63 . . . . 9 10 . Kinetic 7893 | 109 439 16 . 239 2984 136 629 212 17 304 455 1851 502 . Thermal 10317 | 177 615 . . . 651 . 84 . 185 . 303 5841 2461 . Explosive 5504 | . . . . . . . . . . . . 930 4574 . Electromagnetic 1562 | . . . . 58 429 65 476 146 . . 50 252 86 . Impact . | . . . . . . . . . . . . . . . Slashing 2682 | . . 72 1700 . 140 76 . . . . . 358 336 . Piercing 765 | . . . . . . . . . . . 155 610 . . Entropic 5502 | . . . . . . . . . 4541 . 593 368 . . Highest Corruption 19 | . . . 1 . 13 2 2 . . . 4 10 19 19 Average Corruption 6 | . . . 1 . 6 2 1 . . . 3 7 13 19 Corruption Purged 6 | . . . . . . . 2 . . . 4 . . . Corruption Blocked 20 | . . . . . . . . . . . . 19 1 . Effects 141 | . . . 5 . 40 . 15 . . . 6 31 42 2 Message Errors 24 | . . . . . 10 . 5 . . . 2 2 5 . Matter Fused 25 | . . . 1 . 10 . 3 . . . 1 5 4 1 Heat Flow Errors 17 | . . . . . 3 . 2 . . . . 5 7 . Energy Discharges 12 | . . . 1 . 1 . 1 . . . 1 3 5 . Parts Rejected 3 | . . . . . . . . . . . . 1 2 . Parts Fused 2 | . . . . . 1 . 1 . . . . . . . Data Loss (minor) 23 | . . . 2 . 7 . 1 . . . 2 5 6 . Data Loss (major) 3 | . . . . . 1 . . . . . . 1 1 . Misfires 8 | . . . 1 . 1 . 1 . . . . 3 2 . Alerts 4 | . . . . . . . 1 . . . . 1 1 1 Misdirections 4 | . . . . . 1 . . . . . . . 3 . Weapon Failures 16 | . . . . . 5 . . . . . . 5 6 . Overload Shots . | . . . . . . . . . . . . . . . Overflow Damage 2487 | . . . 385 . 70 . 72 . 247 . 128 768 817 . Projectiles 166 | . . . . . . . 45 . . . . 81 40 . Explosions 1177 | . . . . . 40 . . . 247 . 71 115 704 . Melee 1144 | . . . 385 . 30 . 27 . . . 57 572 73 . Knockbacks 8 | . . . . . 1 . . 1 . . . 6 . . Impact 1 | . . . . . 1 . . . . . . . . . Kinetic 6 | . . . . . . . . 1 . . . 5 . . Secondary 1 | . . . . . . . . . . . . 1 . . Self-Inflicted Damage 1074 | . . . . . 38 . . . 107 . 179 25 725 . Shots 9 | . . . . . 1 . . . 1 . 2 1 4 . Rammed 14 | . 3 . . . 1 . 6 . . . . 3 1 . Targets Rammed 15 | . 3 . . . 1 . 7 . . . . 3 1 . Kicked . | . . . . . . . . . . . . . . . Crushed 1 | . . . . . . . 1 . . . . . . . Highest Temperature 382 | 36 160 . 7 72 365 52 234 44 . 16 . 382 335 . Average Temperature 84 | 14 37 . 7 38 112 35 88 20 . 8 . 100 92 . Received Heat Transfer 1804 | . 219 15 . 315 355 6 66 . 36 5 24 205 558 . Effects 2 | . . . . . . . . . . . . 1 1 . Energy Bleed 1 | . . . . . . . . . . . . 1 . . Damage (minor) 1 | . . . . . . . . . . . . . 1 . Siege Activations 2 | . . . . . . . . 1 . . . 1 . . Total Turns 6 | . . . . . . . . 4 . . . 2 . . Longest Duration 4 | . . . . . . . . 4 . . . 2 . . Martial Activations . | . . . . . . . . . . . . . . . Shielding Activations . | . . . . . . . . . . . . . . . Robots Disrupted 4 | . . . . . 4 . . . . . . . . . Combat Hostiles 4 | . . . . . 4 . . . . . . . . . Robots Corrupted 3 | . . . . . 1 . 2 . . . . . . . Combat Hostiles 1 | . . . . . . . 1 . . . . . . . Parts Fried 4 | . . . . . 1 . 1 . . 1 . . 1 . Impact Corruptions 3 | . . . . . . . 3 . . . . . . . Robots Melted 7 | . . . . . . . . . . . . 3 4 . Combat Hostiles 7 | . . . . . . . . . . . . 3 4 . Parts Melted 46 | 2 1 . . 1 . . . . . . . 30 12 . Heat Transferred 14297 | 740 2035 . . . 985 . 111 . 100 . 150 7863 2313 . Parts Sabotaged . | . . . . . . . . . . . . . . . Parts Stolen . | . . . . . . . . . . . . . . . Parts Stripped . | . . . . . . . . . . . . . . . Power Chain Reactions 1 | . . . . . 1 . . . . . . . . . Alert | -11 -10 -10 -7 -7 -5 -4 -4 -4 -4 -3 -3 -3 -2 -2 ------- Run | Yrd Mat Sub Rec Scr Fac Fac Upp Upp War Pro Res Tes Res Qua Maximum Alert Level 3 | . . . . . 1 . . . . . . 2 3 2 Low Security (%) 66 | 100 100 . 100 . 81 100 . . . . 100 43 . . Level 1 16 | . . . . . 18 . . . . . . 26 44 . Level 2 13 | . . . . . . . . . . . . 30 29 100 Level 3 2 | . . . . . . . . . . . . . 25 . Level 4 . | . . . . . . . . . . . . . . . Level 5 . | . . . . . . . . . . . . . . . High Security . | . . . . . . . . . . . . . . . Max Security . | . . . . . . . . . . . . . . . Peak Influence 928 | 5 127 . 119 . 374 174 . . . . 182 653 928 554 Initial 519 | . . . 45 . . 172 . . . . 9 29 363 519 Average 190 | 1 48 . 43 . 100 59 . . . . 56 294 508 535 Influence Increases 6562 | 40 459 273 480 . 894 70 95 194 393 377 290 1499 1453 45 Destroy 0b10 Robot/C 3560 | . 280 200 160 . 520 20 80 120 340 280 80 780 700 . Destroy 0b10 Robot/NC 380 | 40 35 . 70 . 45 5 5 . . . 20 110 50 . Destroy Leader 478 | . 64 10 . . 84 10 10 20 . 30 30 98 122 . Allied During Kill 314 | . . 63 85 . 7 . . 54 38 67 . . . . Successful Hack 199 | . 34 . 14 . 28 5 . . . . 17 69 32 . Select Force Hacks 150 | . . . 150 . . . . . . . . . . . Disable Machine 360 | . . . . . 90 . . . . . 15 240 15 . Destroy Structure 731 | . 1 . 1 . 60 30 . . . . 128 202 309 . Partial Spotted 15 | . . . . . . . . . . . . . . 15 Lose Combat Pursuer 375 | . 45 . . . 60 . . . 15 . . . 225 30 Influence Decreases 6018 | 40 459 178 575 . 542 422 47 154 214 630 251 905 1176 425 Entered New Map 1313 | . . . 50 . . 180 . 10 88 267 5 24 284 405 Time Decay 3554 | 40 456 98 371 . 428 242 47 144 66 263 246 651 482 20 Lost Part 593 | . 3 . . . 40 . . . . . . 220 330 . Lost Ally 464 | . . 80 60 . 74 . . . 60 100 . 10 80 . Purge Threat 94 | . . . 94 . . . . . . . . . . . Squads Dispatched 36 | . 3 . . . 6 3 . . . . 2 10 11 1 Investigation 8 | . 1 . . . 2 2 . . . . . . 2 1 Extermination 18 | . . . . . 3 1 . . . . 2 8 4 . Reinforcement 6 | . 2 . . . 1 . . . . . . 2 1 . Assault 4 | . . . . . . . . . . . . . 4 . Garrison . | . . . . . . . . . . . . . . . Intercept . | . . . . . . . . . . . . . . . Searches Triggered . | . . . . . . . . . . . . . . . Construction Impeded 2 | . . . . . 1 . . . . . . . 1 . Haulers Reinforced . | . . . . . . . . . . . . . . . Active Scanning Responses . | . . . . . . . . . . . . . . . Cargo Convoy Interrupts . | . . . . . . . . . . . . . . . Stealth | -11 -10 -10 -7 -7 -5 -4 -4 -4 -4 -3 -3 -3 -2 -2 --------- Run | Yrd Mat Sub Rec Scr Fac Fac Upp Upp War Pro Res Tes Res Qua Distress Signals 16 | . 4 . . . 3 . . . 2 . 1 3 3 . Communications Jammed . | . . . . . . . . . . . . . . . Distress Signals . | . . . . . . . . . . . . . . . Times Spotted 260 | . 35 15 6 9 48 2 4 2 11 11 7 53 53 4 Peak Tracking Total 11 | . 3 3 3 4 8 1 3 2 11 5 4 5 8 3 Tactical Retreats 17 | . 3 . . . 3 . . . 1 . . . 9 1 Traps | -11 -10 -10 -7 -7 -5 -4 -4 -4 -4 -3 -3 -3 -2 -2 ------- Run | Yrd Mat Sub Rec Scr Fac Fac Upp Upp War Pro Res Tes Res Qua Traps Triggered 5 | . . 1 . . 1 . . . . . . . 2 1 Indirectly . | . . . . . . . . . . . . . . . Trap Hack Attempts . | . . . . . . . . . . . . . . . Triggered . | . . . . . . . . . . . . . . . Disarmed . | . . . . . . . . . . . . . . . Reprogrammed . | . . . . . . . . . . . . . . . Reused . | . . . . . . . . . . . . . . . Traps Extracted . | . . . . . . . . . . . . . . . Installed . | . . . . . . . . . . . . . . . Triggered . | . . . . . . . . . . . . . . . Most Traps Carried 2 | . . . . . . . 2 . . . . . . . Machines | -11 -10 -10 -7 -7 -5 -4 -4 -4 -4 -3 -3 -3 -2 -2 ---------- Run | Yrd Mat Sub Rec Scr Fac Fac Upp Upp War Pro Res Tes Res Qua Machines Disabled 29 | . . 1 . 1 6 . . . 2 . 1 17 1 . Max in Single Turn 1 | . . . . 1 1 . . . 1 . 1 1 1 . Machines Repaired . | . . . . . . . . . . . . . . . Machines Dismantled . | . . . . . . . . . . . . . . . Machines Sabotaged . | . . . . . . . . . . . . . . . Overloaded Fab Kills . | . . . . . . . . . . . . . . . Hacking | -11 -10 -10 -7 -7 -5 -4 -4 -4 -4 -3 -3 -3 -2 -2 --------- Run | Yrd Mat Sub Rec Scr Fac Fac Upp Upp War Pro Res Tes Res Qua Machines Accessed 58 | . 5 3 9 7 5 7 1 1 5 . 2 9 2 2 Terminals 27 | . 5 . 4 . 3 3 . . . . 1 7 2 2 Fabricators 1 | . . . . . . 1 . . . . . . . . Repair Stations 2 | . . . . . 2 . . . . . . . . . Recycling Units 7 | . . . 5 . . 2 . . . . . . . . Scanalyzers 3 | . . . . . . . . . . . 1 2 . . Garrison Access 1 | . . . . . . 1 . . . . . . . . Total Hacks 148 | . 19 3 20 38 12 12 1 1 5 . 7 21 4 5 Successful 94 | . 12 3 7 38 2 2 1 1 5 . 7 12 2 2 Failed 54 | . 7 . 13 . 10 10 . . . . . 9 2 3 Catastrophic 10 | . . . 5 . 2 3 . . . . . . . . Database Lockouts . | . . . . . . . . . . . . . . . Manual 42 | . 5 . 12 . 6 4 . . 1 . 2 10 2 . Terminals 74 | . 19 . 13 . 8 6 . . . . 3 16 4 5 Fabricators 1 | . . . . . . 1 . . . . . . . . Repair Stations 4 | . . . . . 4 . . . . . . . . . Recycling Units 9 | . . . 7 . . 2 . . . . . . . . Scanalyzers 9 | . . . . . . . . . . . 4 5 . . Garrison Access 3 | . . . . . . 3 . . . . . . . . Terminal Hacks 69 | . 10 3 2 38 . 1 1 1 5 . 1 3 2 2 Record 43 | . . . . 38 . . . . 3 . . . . 2 Part Schematic 2 | . . . . . . . . . . . . 2 . . Robot Analysis 3 | . 2 . . . . . . . . . . 1 . . Prototype ID Bank 4 | . 2 . 1 . . . . . . . . . 1 . Open Door 5 | . . 1 . . . . 1 1 2 . . . . . Branch Access Points 1 | . 1 . . . . . . . . . . . . . Emergency Access Points 1 | . 1 . . . . . . . . . . . . . Unreport Threat 1 | . . . 1 . . . . . . . . . . . Locate Traps 2 | . 1 . . . . . . . . . 1 . . . Patrol Status 1 | . 1 . . . . . . . . . . . . . Registered Components 1 | . 1 . . . . . . . . . . . . . Zone Layout 3 | . 1 . . . . 1 . . . . . . 1 . Proto ID Catalog 1 | . . 1 . . . . . . . . . . . . Release Object 1 | . . 1 . . . . . . . . . . . . Fabricator Hacks . | . . . . . . . . . . . . . . . Repair Station Hacks . | . . . . . . . . . . . . . . . Recycling Unit Hacks 1 | . . . . . . 1 . . . . . . . . Report Inventory 1 | . . . . . . 1 . . . . . . . . Scanalyzer 7 | . . . . . . . . . . . 4 3 . . Insert Component 4 | . . . . . . . . . . . 2 2 . . Analyze 3 | . . . . . . . . . . . 2 1 . . Garrison Access Hacks . | . . . . . . . . . . . . . . . Unauthorized Hacks 17 | . 2 . 5 . 2 . . . . . 2 6 . . Terminals 12 | . 2 . . . 2 . . . . . 2 6 . . Assimilate 2 | . 1 . . . . . . . . . . 1 . . Botnet 8 | . 1 . . . 2 . . . . . 1 4 . . Operators 2 | . . . . . . . . . . . 1 1 . . Fabricators . | . . . . . . . . . . . . . . . Repair Stations . | . . . . . . . . . . . . . . . Recycling Units 5 | . . . 5 . . . . . . . . . . . Tunnel 5 | . . . 5 . . . . . . . . . . . Scanalyzers . | . . . . . . . . . . . . . . . Garrison Access . | . . . . . . . . . . . . . . . Data Cores Recovered . | . . . . . . . . . . . . . . . Used . | . . . . . . . . . . . . . . . Hacking Detections 35 | . 5 . 5 . 5 7 . . . . 2 8 2 1 Full Trace Events 10 | . 2 . 3 . 2 2 . . . . . . . 1 Feedback Events 2 | . . . 1 . 1 . . . . . . . . . Corruption 2 | . . . 1 . 1 . . . . . . . . . Feedback Blocked . | . . . . . . . . . . . . . . . Robot Schematics Acquired . | . . . . . . . . . . . . . . . Robots Built . | . . . . . . . . . . . . . . . Authchips . | . . . . . . . . . . . . . . . Time . | . . . . . . . . . . . . . . . Total Robot Build Rating . | . . . . . . . . . . . . . . . Part Schematics Acquired 5 | . . . . . . . . . . . 2 3 . . Parts Built . | . . . . . . . . . . . . . . . Authchips . | . . . . . . . . . . . . . . . Time . | . . . . . . . . . . . . . . . Total Part Build Rating . | . . . . . . . . . . . . . . . Parts Repaired . | . . . . . . . . . . . . . . . Time . | . . . . . . . . . . . . . . . Parts Recycled . | . . . . . . . . . . . . . . . Recycled Matter . | . . . . . . . . . . . . . . . Retrieved Matter . | . . . . . . . . . . . . . . . Retrieved Components . | . . . . . . . . . . . . . . . Parts Scanalyzed 4 | . . . . . . . . . . . 2 2 . . Part Schematics Acquired 3 | . . . . . . . . . . . 2 1 . . Parts Damaged 1 | . . . . . . . . . . . 1 . . . Bothacking | -11 -10 -10 -7 -7 -5 -4 -4 -4 -4 -3 -3 -3 -2 -2 ------------ Run | Yrd Mat Sub Rec Scr Fac Fac Upp Upp War Pro Res Tes Res Qua Used RIF Installer . | . . . . . . . . . . . . . . . Robots Hacked 6 | . . . . . 3 . . . . . . 3 . . Non-combat 2 | . . . . . 2 . . . . . . . . . Combat 2 | . . . . . . . . . . . . 2 . . Robot Hacks Applied 5 | . . . . . 2 . . . . . . 3 . . parse_system 1 | . . . . . . . . . . . . 1 . . find_recycling 1 | . . . . . 1 . . . . . . . . . find_station 1 | . . . . . 1 . . . . . . . . . find_scanalyzer 2 | . . . . . . . . . . . . 2 . . Manual 3 | . . . . . 2 . . . . . . 1 . . Relay Couplers Released . | . . . . . . . . . . . . . . . Fabnet Peak Effective % . | . . . . . . . . . . . . . . . Robots Rewired 9 | . . . 8 . 1 . . . . . . . . . Allies Hacked 1 | . . . . . . . . . . . . 1 . . Hacks Repelled . | . . . . . . . . . . . . . . . Allies | -11 -10 -10 -7 -7 -5 -4 -4 -4 -4 -3 -3 -3 -2 -2 -------- Run | Yrd Mat Sub Rec Scr Fac Fac Upp Upp War Pro Res Tes Res Qua Total Allies 46 | . . 15 8 . 3 . 1 5 . 6 . 2 6 . Largest Group 12 | . . 9 12 12 6 . 1 5 5 3 . 1 3 . Highest-Rated Group 363 | . . 171 240 240 103 . 56 363 357 243 . 45 243 . Highest-Rated Ally 81 | . . 19 40 40 30 . 56 81 81 81 . 45 81 . Total Orders . | . . . . . . . . . . . . . . . Ally Attacks 268 | . . 68 34 32 34 . . 28 10 46 . . 16 . Total Damage 6468 | . . 800 730 626 375 . . 686 229 1918 . . 1104 . Kills 56 | . . 12 9 7 2 . . 7 1 12 . . 6 . Allies Corrupted . | . . . . . . . . . . . . . . . Allies Melted 1 | . . . . . . . . . . 1 . . . . Intel | -11 -10 -10 -7 -7 -5 -4 -4 -4 -4 -3 -3 -3 -2 -2 ------- Run | Yrd Mat Sub Rec Scr Fac Fac Upp Upp War Pro Res Tes Res Qua Active Infowar (turns) 11248 | 20 277 221 . 1609 1133 595 1171 600 1781 875 720 1883 363 . Optics 1582 | . . . . . . . . 546 1036 . . . . . Sensors 7112 | . . . . . 623 385 1022 596 1492 745 612 1274 363 . Structural 10058 | . . . . 1609 1117 595 1154 572 1301 822 718 1819 351 . Seismic 518 | 20 277 221 . . . . . . . . . . . . Cloaking 1063 | . . . . . . . . . 479 162 422 . . . Robot Analysis Total 3 | . 2 . . . . . . . . . . 1 . . Derelict Logs Recovered 9 | . . 1 . 4 . . 3 1 . . . . . . Drone Launches . | . . . . . . . . . . . . . . . Drone Recoveries . | . . . . . . . . . . . . . . . Exploration | -11 -10 -10 -7 -7 -5 -4 -4 -4 -4 -3 -3 -3 -2 -2 ------------- Run | Yrd Mat Sub Rec Scr Fac Fac Upp Upp War Pro Res Tes Res Qua Turns Passed 22602 | 312 1290 3079 1068 3357 1883 641 1368 664 1782 1156 1037 3668 1256 41 Spaces Moved 12345 | 186 669 2047 554 2240 741 293 676 364 981 544 471 1639 864 76 Core 323 | 6 . . . 110 . . . . . . . . 131 76 Treads 4420 | . 373 . . 2 31 . 579 364 981 544 471 1075 . . Legs 553 | 180 81 . . . 196 87 . . . . . . 9 . Wheels 6243 | . 215 2047 554 2128 514 206 97 . . . . 289 193 . Hover 806 | . . . . . . . . . . . . 275 531 . Flight . | . . . . . . . . . . . . . . . Fastest Speed 50 | 50 120 130 140 50 180 183 160 160 160 163 163 104 50 50 Average Speed 154 | 117 148 139 154 145 189 190 170 160 160 163 183 173 109 50 Slowest Speed 305 | 120 240 140 155 305 240 210 240 160 163 163 243 305 250 50 Overloaded Moves . | . . . . . . . . . . . . . . . Propulsion Burnouts . | . . . . . . . . . . . . . . . Robots Hopped . | . . . . . . . . . . . . . . . Potential Cave-ins 7 | . . . . . . . . . 6 . . 1 . . Cave-ins Triggered 1 | . . . . . 1 . . . . . . . . . Exploration Rate (%) 57 | 9 98 97 99 91 15 9 89 50 97 72 7 84 21 18 Regions Visited 14 Branch Regions 9 Pre-discovered Areas 10 | . . 1 5 4 . . . . . . . . . . Known Exits Taken 4 | . . . . 1 1 . 1 . . 1 . . . . Unknown Exits Taken 10 | 1 1 1 1 . . 1 . 1 1 . 1 1 1 . Scrap Searched 19 | . . 7 . 3 . . 4 4 . 1 . . . . Spaces Dug 148 | . . 12 . . 6 14 2 . 67 . 9 30 8 . Terrain Destroyed 586 | . . 12 . . 34 15 9 6 228 2 68 116 96 . Melee 55 | . . 12 . . 6 10 . . . . 7 18 2 . Projectile 166 | . . . . . 17 5 9 6 11 2 34 49 33 . AOE 360 | . . . . . 10 . . . 217 . 27 45 61 . Terrain Rammed . | . . . . . . . . . . . . . . . Walls Destroyed . | . . . . . . . . . . . . . . . Machines Disabled . | . . . . . . . . . . . . . . . Actions | -11 -10 -10 -7 -7 -5 -4 -4 -4 -4 -3 -3 -3 -2 -2 --------- Run | Yrd Mat Sub Rec Scr Fac Fac Upp Upp War Pro Res Tes Res Qua Total 14964 | 241 830 2239 752 2315 1073 356 857 437 1175 784 589 2142 1096 78 Wait 918 | 19 33 92 59 2 96 8 53 32 143 210 34 101 36 . Move 12331 | 185 668 2046 553 2239 740 292 675 363 980 543 470 1638 863 76 Hop . | . . . . . . . . . . . . . . . Pick Up 239 | 12 20 23 10 30 28 9 22 11 5 2 16 40 10 1 Fast Attach 82 | 3 1 1 . 8 5 2 7 . 5 . . 23 26 1 Attach 67 | 4 . 2 . 2 12 2 7 . 2 . 2 19 15 . Detach 15 | . . . 1 . . 1 6 . 1 . . 2 4 . Swap 264 | . 19 7 4 10 48 13 20 14 6 14 23 74 12 . Drop 235 | . 15 23 12 15 30 11 31 10 12 1 11 49 15 . Fire 563 | 18 71 1 . 8 103 6 29 7 21 14 22 155 108 . Melee 148 | . . 44 26 1 10 12 . . . . 11 38 6 . Ram 4 | . . . . . 1 . . . . . . 2 1 . Kick . | . . . . . . . . . . . . . . . Crush 11 | . 3 . . . . . 7 . . . . 1 . . Escape Stasis . | . . . . . . . . . . . . . . . Rewire 87 | . . . 87 . . . . . . . . . . . Trap . | . . . . . . . . . . . . . . . Miscellaneous . | . . . . . . . . . . . . . . . Route ------- -11/Scrapyard -10/Materials (discovered 5 exits: [*Mat x3] / *Min / *Sub) -10/Subcaves (discovered 3 exits: [*Mat x2] / *Rec) -7/Recycling (discovered 2 exits: *Fac / *Scr) -7/Scraptown (discovered 2 exits: *Fac x2) -5/Factory (discovered 4 exits: *Fac x3 / Upp) -4/Factory (discovered 3 exits: Res / *Upp / Ext) -4/Upper Caves -4/Upper Caves (discovered 2 exits: Res / *War) -4/Warlord -3/Proximity Caves -3/Research (discovered 2 exits: Arm / *Tes) -3/Testing -2/Research -2/Quarantine History --------- Turn | Location | Event 20 | -11/Scrapyard | Discovered new exit (range 14) 313 | -11/Scrapyard | Entered Materials 314 | -10/Materials | Build established: Mutant 751 | -10/Materials | Discovered new exit (range 13) 1068 | -10/Materials | Discovered new exit (range 16) 1217 | -10/Materials | Discovered new exit (range 16) 1397 | -10/Materials | Identified exit to Mines 1510 | -10/Materials | Discovered new exit (range 8) 1595 | -10/Materials | Discovered new exit (range 7) 1603 | -10/Materials | Entered Subcaves 1825 | -10/Subcaves | Discovered new exit (range 5) 1868 | -10/Subcaves | Visited triangular shrine 1876 | -10/Subcaves | Found Prototype Device 1877 | -10/Subcaves | Identified V3-11A's Pendant 1882 | -10/Subcaves | Befriended Subdweller 1982 | -10/Subcaves | Befriended Subdweller 1982 | -10/Subcaves | Befriended Subdweller 1994 | -10/Subcaves | Shifting Twisted Machinery released Sub. Optics 2000 | -10/Subcaves | Shifting Twisted Machinery released Sub. Shrapnel Launcher 2107 | -10/Subcaves | Befriended Subdweller 2107 | -10/Subcaves | Befriended Subdweller 2312 | -10/Subcaves | Disturbed a concealed Subdweller 2312 | -10/Subcaves | Befriended Subdweller 2359 | -10/Subcaves | Discovered new exit (range 10) 2389 | -10/Subcaves | Lost 3 allies 2497 | -10/Subcaves | Befriended Subdweller 2502 | -10/Subcaves | Befriended Subdweller 2502 | -10/Subcaves | Befriended Subdweller 2517 | -10/Subcaves | Befriended Subdweller 2574 | -10/Subcaves | A swath of the cavern ceiling suddenly collapsed 2677 | -10/Subcaves | Visited 4L-MR0's lab 2867 | -10/Subcaves | Befriended Subdweller 2867 | -10/Subcaves | Befriended Subdweller 2897 | -10/Subcaves | Befriended Subdweller 2897 | -10/Subcaves | Befriended Subdweller 3394 | -10/Subcaves | Learned Materials non-interactive machine intel 3607 | -10/Subcaves | Disturbed a concealed Subdweller 3673 | -10/Subcaves | Discovered new exit (range 6) 3777 | -10/Subcaves | Befriended Subdweller 4005 | -10/Subcaves | Shifting Twisted Machinery released Mak. Shrapnel Gun 4006 | -10/Subcaves | Shifting Twisted Machinery released Sub. Power Source 4082 | -10/Subcaves | Learned location of Zion (-6) 4082 | -10/Subcaves | Met a Zionite searching for "candidates" 4682 | -10/Subcaves | Entered Recycling 4682 | -7/Recycling | Accompanied by 8 allies 4855 | -7/Recycling | Lost 3 allies 5456 | -7/Recycling | Build established: Commander-Mutant 5551 | -7/Recycling | Scanned before Scraplab entrance 5626 | -7/Recycling | Discovered new exit (range 7) 5707 | -7/Recycling | Entered Scraplab 5720 | -7/Recycling | Discovered new exit (range 3) 5750 | -7/Recycling | Entered Scraptown 5750 | -7/Scraptown | Accompanied by 12 allies 5750 | -7/Scraptown | System corruption cleaned by C-Scrubber 5919 | -7/Scraptown | Visited Awakened 5947 | -7/Scraptown | Visited Observation Area 5989 | -7/Scraptown | Delivered V3-11A's Pendant to T0-NE2 in exchange for information 6267 | -7/Scraptown | Scanned Subdweller tech in exchange for log data 6272 | -7/Scraptown | Learned 12 Factory zone layouts 6275 | -7/Scraptown | Learned Research garrison access intel 6353 | -7/Scraptown | Visited Cyclists 6395 | -7/Scraptown | Visited Assassins FH 6426 | -7/Scraptown | Visited CR-KLE's Repair Center 6441 | -7/Scraptown | Visited Comm Corps 6515 | -7/Scraptown | Visited Junk Repository 6641 | -7/Scraptown | Visited UFD Registry 6641 | -7/Scraptown | Registered with UFD as "Gausscore" 6686 | -7/Scraptown | Visited LU-1G1's Boring Crew 6707 | -7/Scraptown | Visited Scrap Suit Storage 6740 | -7/Scraptown | Visited A0-MCA Data Center 6749 | -7/Scraptown | Given a B rating by A0-MCA 6755 | -7/Scraptown | Found A0-MCA's Component Scanner 6801 | -7/Scraptown | Visited Chapter 10 6864 | -7/Scraptown | Delivered Scrap Shield to a Scientist 7016 | -7/Scraptown | Visited Derelict Rescue Squad 7027 | -7/Scraptown | Found DRS Beacon 7054 | -7/Scraptown | Visited Junk Repository 7106 | -7/Scraptown | Visited Curators Association 7147 | -7/Scraptown | Visited Botcube Research 7158 | -7/Scraptown | Found Botcube 7186 | -7/Scraptown | Visited Abandonware Association 7201 | -7/Scraptown | Learned abandonware demo "REPAIR.EXE" 7201 | -7/Scraptown | Learned abandonware demo "REBOOT5.EXE" 7237 | -7/Scraptown | Visited Cartography Club 7291 | -7/Scraptown | Released all parts (7) 7318 | -7/Scraptown | Learned location of Lower Caves (-7) 7318 | -7/Scraptown | Learned location of Armory (-3) 7318 | -7/Scraptown | Learned 12 Lower Caves zone layouts 7318 | -7/Scraptown | Learned 16 Lower Caves zone layouts 7318 | -7/Scraptown | Learned 12 Materials zone layouts 7318 | -7/Scraptown | Learned 8 Upper Caves zone layouts 7318 | -7/Scraptown | Learned 4 Armory zone layouts 7318 | -7/Scraptown | Learned location of 1 exit from Factory 7318 | -7/Scraptown | Learned location of 2 exits from Factory 7318 | -7/Scraptown | Learned location of 1 exit from Lower Caves 7318 | -7/Scraptown | Identified exit to Factory 7333 | -7/Scraptown | Found Deep Structural Scanner 8237 | -7/Scraptown | Guru changed UFD alias to "Nullgunner" 8337 | -7/Scraptown | Entered Cyclist Reading Room 8919 | -7/Scraptown | Met Optimus 8919 | -7/Scraptown | Accepted into 0bPrime 9019 | -7/Scraptown | Civil war broke out across Scraptown 9054 | -7/Scraptown | Core integrity fell below 50% 9094 | -7/Scraptown | Lost 13 allies 9107 | -7/Scraptown | Entered Factory 9107 | -5/Factory | Accompanied by 6 allies 9107 | -5/Factory | Evolved 10 slots: Power x1, Propulsion x2, Utility x5, Weapon x2 9108 | -5/Factory | Identified exit to Factory 9108 | -5/Factory | Identified exit to Upper Caves 9604 | -5/Factory | Lost 5 allies 10125 | -5/Factory | Build established: Scavenger-Skirmisher 10435 | -5/Factory | Crushed by falling debris 10518 | -5/Factory | Discovered exit to Factory (range 7) 10528 | -5/Factory | Build established: Scavenger-Tank 10691 | -5/Factory | System corruption reached 10% 10777 | -5/Factory | Lost 3 parts (1p1n1w) 10990 | -5/Factory | Entered another Factory area 10990 | -4/Factory | Evolved 2 slots: Propulsion x1, Utility x1 10991 | -4/Factory | Identified exit to Research 10991 | -4/Factory | Identified exit to Extension 11598 | -4/Factory | Discovered new exit (range 8) 11631 | -4/Factory | Entered Upper Caves 11632 | -4/Upper Caves | Identified exit to Upper Caves 11633 | -4/Upper Caves | UFD Scientist delivered a prototype 11637 | -4/Upper Caves | Found Prototype Protection 11637 | -4/Upper Caves | Identified Enh. Scrap Shield 11654 | -4/Upper Caves | Botcube activated 11666 | -4/Upper Caves | Botcube completed mutation into core form, armed with 1 launcher. 11841 | -4/Upper Caves | Spotted B-86 Titan 11926 | -4/Upper Caves | Destroyed B-86 Titan 12183 | -4/Upper Caves | Encountered a Warlord checkpoint 12201 | -4/Upper Caves | Learned Research security intel 12204 | -4/Upper Caves | Learned Research trap positions 12936 | -4/Upper Caves | Attracted the attention of an 0b10 checkpoint 12985 | -4/Upper Caves | Learned location of 1 exit from Upper Caves 12999 | -4/Upper Caves | Entered another Upper Caves area 13031 | -4/Upper Caves | Learned Research terminal intel 13071 | -4/Upper Caves | Prototype Device suddenly appears! 13113 | -4/Upper Caves | Found Amulet of Y3-NDR 13156 | -4/Upper Caves | Joined by bewildered Wizard 13157 | -4/Upper Caves | Joined by bewildered Wizard 13227 | -4/Upper Caves | Joined by bewildered Wizard 13228 | -4/Upper Caves | Joined by bewildered Wizard 13386 | -4/Upper Caves | Build established: Scavenger-Skirmisher 13594 | -4/Upper Caves | Discovered new exit (range 15) 13663 | -4/Upper Caves | Entered Warlord 13663 | -4/Warlord | Accompanied by 5 allies 13934 | -4/Warlord | Received a Watcher feed algorithm from an ecstatic Tinkerer 13935 | -4/Warlord | Ran a Watcher feed algorithm 14545 | -4/Warlord | Warlord's base attacked by MAIN.C 14565 | -4/Warlord | Found Vortex Rifle 14568 | -4/Warlord | Found Vortex Rifle 14575 | -4/Warlord | Found Vortex Rail 14578 | -4/Warlord | Found Vortex Rail 14582 | -4/Warlord | Found Vortex Catalyst Activator 14692 | -4/Warlord | Found Thermal Barrier 14700 | -4/Warlord | Found Exp. Cloaking Device 14708 | -4/Warlord | Found System Mapper 14757 | -4/Warlord | Rebuked by Warlord 14774 | -4/Warlord | Found Vortex Chain Reactor 14895 | -4/Warlord | Warlord forces counterattacked 14987 | -4/Warlord | Build established: Tank 15107 | -4/Warlord | Spotted Striker 15113 | -4/Warlord | Destroyed Striker 15120 | -4/Warlord | Destroyed Striker 15147 | -4/Warlord | Lost 5 allies 15150 | -4/Warlord | Destroyed 12 combat bots 15220 | -4/Warlord | Warlord base infiltrated, sounded retreat 15241 | -4/Warlord | Opened side exit 15280 | -4/Warlord | Discovered new exit (range 10) 15372 | -4/Warlord | Build established: Scavenger-Tank 15432 | -4/Warlord | Lost 11 allies 15445 | -4/Warlord | Entered Proximity Caves 15562 | -3/Proximity Caves | Joined by bewildered Wizard 15564 | -3/Proximity Caves | Joined by bewildered Wizard 15647 | -3/Proximity Caves | Joined by bewildered Wizard 15647 | -3/Proximity Caves | Joined by bewildered Wizard 15849 | -3/Proximity Caves | Attracted the attention of an 0b10 checkpoint 16370 | -3/Proximity Caves | Received a Behemoth hack from an annoying Tinkerer 16582 | -3/Proximity Caves | Discovered exit to Research (range 13) 16601 | -3/Proximity Caves | Entered Research 16601 | -3/Research | Evolved 2 slots: Utility x2 16602 | -3/Research | Identified exit to Armory 16603 | -3/Research | Loaded intel: 71 trap records 16605 | -3/Research | Loaded intel: 23 terminal locations 16606 | -3/Research | Loaded intel: 4 garrison access locations 16647 | -3/Research | Discovered new exit (range 9) 16828 | -3/Research | Found Exp. Target Analyzer 17638 | -3/Research | Entered Testing 18389 | -3/Testing | Lost 4 parts (2u2w) 18448 | -3/Testing | Spotted Striker 18448 | -3/Testing | Spotted Striker 18646 | -3/Testing | Build established: Hacker-Tank 18788 | -3/Testing | Found Z-bomb Delivery System 19250 | -3/Testing | Found System Mapper 19826 | -3/Testing | Spotted Alpha 7 19891 | -3/Testing | Destroyed Alpha 7 20060 | -3/Testing | Discovered new exit (range 5) 20660 | -3/Testing | Spotted Alpha 7 20672 | -3/Testing | Destroyed Striker 20679 | -3/Testing | Destroyed Striker 20767 | -3/Testing | Destroyed Alpha 7 20792 | -3/Testing | Lost 7 parts (2p3n1u1w) 20892 | -3/Testing | Stole the SGEMP Prototype 20928 | -3/Testing | System corruption reached 10% 21024 | -3/Testing | Found Exp. Focal Shield 21108 | -3/Testing | Build established: Scavenger-Gunner 21306 | -3/Testing | Entered Research 21306 | -2/Research | Evolved 2 slots: Propulsion x1, Utility x1 21628 | -2/Research | Build established: Scavenger-Assassin 21805 | -2/Research | Found Quantum Capacitor 21944 | -2/Research | System corruption reached 10% 22056 | -2/Research | First assault squad dispatched 22061 | -2/Research | Destroyed 9 combat bots 22064 | -2/Research | Lost 15 parts (1p6n4u4w) 22263 | -2/Research | Core integrity fell below 50% 22271 | -2/Research | Destroyed 13 combat bots 22277 | -2/Research | Lost 3 allies 22278 | -2/Research | Lost 11 parts (1p2n4u4w) 22325 | -2/Research | Joined by bewildered Wizard 22445 | -2/Research | Found Exp. Signal Interpreter 22471 | -2/Research | Released all parts (14) 22503 | -2/Research | Core integrity fell below 20% 22506 | -2/Research | Lost 4 parts (4n) 22553 | -2/Research | Spotted B-90 Cyclops 22555 | -2/Research | Discovered new exit (range 16) 22562 | -2/Research | Entered Quarantine 22565 | -2/Quarantine | Spotted Alpha 7 22600 | -2/Quarantine | Found Alien Artifact 22603 | -2/Quarantine | Destroyed by Hellfire Trap Last Messages --------------- emitted in the local area create a nexus that influences dimensional paths traveled during the reconstruction process. While some reconstructor variants are more powerful than others, presumably because the effect is not entirely predictable and therefore an alternative approach was required to assert some control over the result, there seems to be no difference in how they interact with nodes. Considering the circumstances of their discovery, these devices might even be capable of teleporting the entire ship. Further testing is temporarily on hold while a reliable method of component replication is devised. 22600_ Acquired Alien Artifact. 22601_ System corrupted: Matter fused (-9). 22603_ Triggered Hellfire Trap. 22603_ An explosion rips through the floor. [Achievement: Tester] Map ----- +----------------------------------------------------+ | ?????????????????????????????????????????????????? | | ?????????????????????????????????????????????????? | | ?????????????????????????????????????????????????? | | ?????????????????????????????????????????????????? | | ?????????????????????????????????????????????????? | | ?????????????????????????????????????????????????? | | ?????????????????????????????????????????????????? | | ?????????????????????????????????????????????????? | | ?????????????????????????????????????????????????? | | ?????????????????????????????????????????????????? | | ?????????????????????????????????????????????????? | | ?????????????????????????????????????????????????? | | ?????????????????????????????????????????????????? | | ?????????????????????????????????????????????????? | | ?????????????????????????????????????????????????? | | ???????????????????????####+##???????????????????? | | ???????????????????????? !???????????????????? | | ???????????????????????? !???????????????????? | | ???????????????????????? c/ !?!w????????????????? | | ???????????????????????? ???????????????? | | ????????????????????????# """ ""????????????????? | | ?????????????????######## """ """ ??????????????? | | ?????????????????#!!"T # """ """ ??????????????? | | ?????????????????#!"" # ? ? ????????? | | ???#?????????????#"" # """ """ ????????? | | ???# ????????????#" #@ """ """ ???????? | | ???# ???????????#"" + """ """ ???????? | | ???# ??#########!"" # #??????????? | | ???# ?#"""T"""#!!"" # #??????????? | | +### ##""" """######## +??????????? | | #T########??????????? | | ###?????????????????? | | """ #???????????????????? | | """ #???????????????????? | | +#### """ """ """ """ #???????????????????? | | ????# """ """ """ !#???????????????????? | | ???## """ """ """ #???????????????????? | | ???# """ """ """ #???????????????????? | | ???+ """ """ """ #???????????????????? | | ???# """ """ """ #???????????????????? | | ???# """ """ """ #???????????????????? | | ???# ########???????????????????? | | ???# """ """ """ #??????????????????????????? | | ???# """ """ """ #??????????????????????????? | | ???# """ """ """ #??????????????????????????? | | ???# """ """ """ #??????????????????????????? | | ???# """ """ """ ???????????????????????????? | | ???# """ """ """ ?????????????????????????? | | ???# """ """ """ ????????????????????????? | | #### ??????????????????????? | +----------------------------------------------------+ Best States ------------- Heat Dissipation 122 Coolant Potential 200 Energy Generation 55 Energy Capacity 1040 Matter Stores 401 Matter Capacity 600 Sight Range 22 Robot Scan Range 16 Terrain Scan Density 10 Cloak Strength 4 Corruption Block 19 Armor Coverage 1025 Resistance: KI 30 Resistance: TH 50 Resistance: EM 25 Utility Shielding 66 Weapon Cycling 25 Phase Shifting 10 Evasion (%) 55 Melee Accuracy 5 Target Analysis 10 Recoil Reduction 5 Energy Filtering 50 Kinecelleration 40 Offensive Hacking 40 Defensive Hacking 12 Item Schematics ----------------- Hcp. Storage Unit | -3/Research | Scanalyzed Exp. Cloaking Device | -3/Research | Scanalyzed Imp. Remote Datajack | -3/Testing | Scanalyzed Hvy. Dispersion Rifle | -3/Testing | Hacked Com. Mass Driver | -3/Testing | Hacked Robot Schematics ------------------ None Fabricated ------------ Nothing Repaired ---------- Nothing Alien Tech Used ----------------- None Achievements -------------- Charge!!! Hard Hitter Tester Turtlemind Challenges ------------ None Game ------ Seed IonicDispersionSlayer Manual? 0 Play Time 03:45:44 Cumulative 105.9 hours Start 2025.08.28 @ 19:13:02 End 2025.08.29 @ 12:34:38 Sessions 1 Manual Loads 0 Difficulty Rogue Special Mode None Game No. 79 Rogue 74 Adventurer 5 Explorer 0 Win Type - Total 1 Types 1/0/0/0/0/0/0/0/0/0 Lore% 58 Gallery% 51 Achievement% 43 Wizard Run 0 Options --------- Layout 1 ASCII 0 Keyboard 0 Movement Arrows Keybinds 0 Fullscreen 1 Font 16/SmallcapsGlow Map View 50x40 Zoom Use 0% Tactical HUD 1 Map Filters NONE Filters NONE Steam SD RUN: e7536925-d4b6-492d-9d66-a8c8aec2c55d